 Dungeon Crawl Stone Soup version 0.23.2-1-ga50397a6bc (webtiles) character file.

Game seed: 8483295926993911786

1019 Gumption the Cudgeler (level 8, -14/50 HPs)
             Began as a Gargoyle Gladiator on June 1, 2019.
             Was an Initiate of Makhleb.
             Demolished by an ogre
             ... wielding a +0 giant club
              (16 damage)
             ... on level 5 of the Dungeon.
             The game lasted 00:27:32 (4475 turns).

Gumption the Cudgeler (Gargoyle Gladiator)          Turns: 4475, Time: 00:27:32

Health: -14/50     AC: 23    Str: 19    XL:     8   Next: 22%
Magic:  8/8        EV:  6    Int: 10    God:    Makhleb [......]
Gold:   298        SH:  0    Dex: 11    Spells: 7/7 levels left

rFire    + . .     SeeInvis .   a - +2 flail (drain)
rCold    + . .     Gourm    .   (no shield)
rNeg     + . .     Faith    .   l - +0 plate armour
rPois    ∞         Spirit   .   c - +1 helmet
rElec    +         Reflect  .   D - scarf {rC+ rF+}
rCorr    .         Harm     .   y - +2 pair of gloves
MR       .....                  (no boots)
Stlth    ..........             (no amulet)
HPRegen  0.16/turn              (no ring)
MPRegen  0.11/turn              (no ring)

@: hasted, very quick
A: negative energy resistance 1, electricity resistance, unbreathing,
petrification resistance, rot immunity, AC +5
a: Renounce Religion


You were on level 5 of the Dungeon.
You worshipped Makhleb.
Makhleb was noncommittal.
You were not hungry.

You visited 2 branches of the dungeon, and saw 6 of its levels.

You collected 298 gold pieces.

Inventory:

Hand Weapons
 a - a +2 flail of draining (weapon)
 b - a +0 hunting sling
 d - a +0 flail
 w - a +0 blowgun
Missiles
 e - 99 stones (quivered)
 h - 11 poisoned needles
 o - a throwing net
 s - 11 sling bullets
 B - 2 tomahawks
Armour
 c - a +1 helmet (worn)
 l - a +0 plate armour (worn)
 y - a +2 pair of gloves (worn)
 D - a scarf of resistance (worn)
Scrolls
 g - 4 scrolls of magic mapping
 i - a scroll of blinking {unknown}
 j - a scroll of enchant armour
 k - 2 scrolls of teleportation
 p - 3 scrolls of fog
 u - a scroll of remove curse
 v - a scroll of random uselessness {unknown}
 x - 2 scrolls of identify
Potions
 m - a potion of lignification
 n - 2 potions of mutation
 q - 2 potions of curing
 r - 2 potions of resistance
 C - a potion of might
Comestibles
 f - 16 rations
 z - a chunk of flesh


   Skills:
 + Level 5.4 Fighting
 * Level 7.2 Maces & Flails
 - Level 1.7 Throwing
 + Level 4.8 Armour
 - Level 2.4 Dodging


You had 7 spell levels left.
You didn't know any spells.
Your spell library contained the following spells:

 Spells                   Type           Power        Failure   Level  Hunger
 Corona                   Hex            #......      100%        1    ##.....
 Ensorcelled Hibernation  Hex/Ice        #.....       100%        2    ###....
 Confuse                  Hex            #.......     100%        3    ####...
 Dazzling Spray           Conj/Hex       #.....       100%        3    ####...
 Tukima's Dance           Hex            #.......     100%        3    ####...


Dungeon Overview and Level Annotations

Branches:
Dungeon (5/15)             Temple (1/1) D:5

Altars:
Cheibriados
Dithmenos
Elyvilon
Gozag
Hepliaklqana
Kikubaaqudgha
Makhleb
Nemelex Xobeh
Okawaru
Qazlal
Ru
Sif Muna
Trog
Uskayaw
Vehumet
Wu Jian
Xom
Yredelemnul
Zin
The Shining One

Annotations:
D:5 Grinder


Innate Abilities, Weirdness & Mutations

You are resistant to torment.
Your stone body is resilient. (AC +5)
You are immune to poison.
You resist negative energy. (rN+)
You are resistant to electric shocks. (rElec)
You can survive without breathing.
You are immune to petrification.
You are immune to rotting.


Message History

You hit Grinder.
Grinder is almost dead.
Grinder hits you.
* * * LOW HITPOINT WARNING * * *
You writhe in agony.
* * * LOW HITPOINT WARNING * * *
The ogre hits you but does no damage.
You hit Grinder.
Grinder is almost dead.
Grinder gestures at you.
You suddenly lose the ability to move!
The ogre hits you with a +0 giant club.
* * * LOW HITPOINT WARNING * * *
Grinder says, "There's only one good use for a tongue: cutting it out."
Grinder gestures at you. Pain shoots through your body!
* * * LOW HITPOINT WARNING * * *
You can move again.
You feel yourself speed up. The ogre hits you with a +0 giant club!
You die...

......####..........#.# #..#
....................#.##..#
.......####.#.#.....#....#
##...#......#.#..##.(#..#####
###..##.......#.####(#......#
####.###..........##(.......#
#............##.#..(........#
#...........###.###........<#
..<............5@O..........#
..................###.......#
............###.### #.......#
........##..# #.# #.......#
...........?# #.# #..<...##
.#####..#...###.# #....... .#
#.##....##.# #...... ..
...###......# ... . ##
#.........


You could see Grinder and an ogre.

Vanquished Creatures
  Menkaure (D:4)
  3 ogres
  A centaur (D:2)
  A scorpion (D:4)
  An orc priest (D:4)
  4 hounds
  A jelly (D:2)
  An orc wizard (D:2)
  A centaur skeleton (D:5)
  Terence (D:2)
  A hound skeleton (D:4)
  A worker ant zombie (D:5)
  11 adders
  An ooze (D:5)
  An adder skeleton (D:5)
  8 worms
  3 dart slugs
  2 leopard geckos
  12 orcs
  6 giant cockroaches
  8 hobgoblins
  3 jackals (D:2)
  2 quokkas (D:3)
  3 ball pythons
  7 bats
  5 frilled lizards
  8 goblins
  11 kobolds
  A leopard gecko skeleton (D:4)
  10 rats
119 creatures vanquished.

Notes
Turn   | Place    | Note
-------+----------+-------------------------------------------
     0 | D:1      | Gumption the Gargoyle Gladiator began the quest for the
                  | Orb.
     0 | D:1      | Reached XP level 1. HP: 12/12 MP: 1/1
   102 | D:1      | Reached XP level 2. HP: 9/18 MP: 2/2
   514 | D:1      | Reached skill level 1 in Armour
   834 | D:1      | Reached XP level 3. HP: 22/22 MP: 3/3
  1073 | D:2      | Reached skill level 4 in Maces & Flails
  1073 | D:2      | Reached XP level 4. HP: 21/27 MP: 4/4
  1304 | D:2      | Noticed a centaur
  1319 | D:2      | Killed a centaur
  1319 | D:2      | Reached XP level 5. HP: 32/32 MP: 5/5
  1332 | D:2      | Found a sacrificial altar of Ru.
  1672 | D:2      | Reached skill level 5 in Maces & Flails
  1741 | D:2      | Found an opulent altar of Gozag.
  1885 | D:2      | Noticed Terence
  1897 | D:2      | Killed Terence
  1897 | D:2      | Reached XP level 6. HP: 28/38 MP: 6/6
  2203 | D:3      | Found an ancient bone altar of Kikubaaqudgha.
  2269 | D:3      | Found a deep blue altar of Sif Muna.
  2343 | D:3      | Found a shimmering altar of Xom.
  2506 | D:3      | Found a sparkling altar of Nemelex Xobeh.
  2597 | D:3      | Found a burning altar of Makhleb.
  2669 | D:3      | Became a worshipper of Makhleb the Destroyer
  2971 | D:4      | Found a hide-covered altar of Uskayaw.
  3103 | D:4      | Reached XP level 7. HP: 44/44 MP: 7/7
  3166 | D:4      | Reached skill level 6 in Maces & Flails
  3355 | D:4      | Found a white marble altar of Elyvilon.
  3554 | D:4      | Found an ornate altar of the Wu Jian Council.
  3734 | D:5      | Entered Level 5 of the Dungeon
  3734 | D:5      | Noticed Menkaure
  3745 | D:4      | Killed Menkaure
  3745 | D:4      | Reached skill level 5 in Fighting
  3897 | D:5      | Found a staircase to the Ecumenical Temple.
  3907 | D:5      | Reached XP level 8. HP: 46/49 MP: 8/8
  3950 | Temple   | Entered the Ecumenical Temple
  4221 | D:5      | Reached skill level 7 in Maces & Flails
  4345 | D:5      | Noticed Grinder
  4441 | D:5      | Paralysed by Grinder for 7 turns
  4473 | D:5      | Paralysed by Grinder for 2 turns
  4474 | D:5      | HP: 2/50 [Grinder/nerve-wracking pain (1)]
  4475 | D:5      | Demolished by an ogre

Skill      XL: |  1  2  3  4  5  6  7  8 |
---------------+-------------------------+-----
Armour         | 1 2 3 4 |  4.8
Maces & Flails | 4 5 6 7 |  7.2
Fighting       | 3 4 5 |  5.4
Throwing       | |  1.7
Dodging        | |  2.4

Action                   |  1- 3 |  4- 6 |  7- 9 || total
-------------------------+-------+-------+-------++-------
Melee: Flail             |    84 |   214 |   105 ||   403
 Fire: Hunting sling     |       |    18 |     4 ||    22
       Blowgun           |       |       |     7 ||     7
Throw: Throwing net      |       |     3 |       ||     3
  Use: Scroll            |       |    12 |       ||    12
       Potion            |       |       |     2 ||     2
 Stab: Held in net/web   |       |     1 |       ||     1
       Paralysed         |       |     1 |       ||     1
  Eat: Chunk             |     1 |     6 |     5 ||    12
Armor: Leather armour    |    16 |       |       ||    16
       Plate armour      |    27 |   218 |    72 ||   317
Dodge: Dodged            |    32 |    82 |    25 ||   139
